 Dungeon Crawl Stone Soup version 0.32-a0-913-g739538afd8 (webtiles) character file.

Game seed: 8214150763012124376

47 jasper the Trooper (level 3, -2/29 HPs)
             Began as a Demonspawn Fighter on Apr 9, 2024.
             Slain by a cerulean imp
             ... wielding a +0 spear
             ... summoned by Natasha
              (5 damage)
             ... on level 2 of the Dungeon.
             The game lasted 00:01:45 (1405 turns).

jasper the Trooper (Demonspawn Fighter)             Turns: 1405, Time: 00:01:45

Health: -2/29      AC:  8    Str: 18    XL:     3   Next: 48%
Magic:  3/3        EV:  8    Int:  8    God:
Gold:   206        SH:  4    Dex: 12    Spells: 2/2 levels left

rFire   . . .        a - +0 war axe
rCold   . . .        c - +0 buckler
rNeg    . . .        b - +0 scale mail
rPois   .            q - +0 helmet
rElec   .            j - +0 cloak
rCorr   .            (no gloves)
SInv    .            (no boots)
Will    .....        (no amulet) Stlth
                     (no ring)
HPRegen 0.24/turn    (no ring)
MPRegen 0.08/turn

%: no passive effects
@: mighty, slowed, very slow
A: claws 1
a: no special abilities


You were on level 2 of the Dungeon.
You visited 1 branch of the dungeon, and saw 2 of its levels.

You collected 206 gold pieces.

Inventory:

Hand Weapons
 a - a +0 war axe (weapon)
Missiles
 e - 4 boomerangs (quivered)
Armour
 b - a +0 scale mail (worn)
 c - a +0 buckler (worn)
 j - a +0 cloak (worn)
 n - a +2 robe of willpower
 o - a scarf of repulsion
 q - a +0 helmet (worn)
Scrolls
 h - a scroll of immolation {unknown}
 l - 2 scrolls of identify {unknown}
 m - a scroll of blinking {unknown}
 p - a scroll of enchant weapon {unknown}
 r - a scroll of brand weapon {unknown}
 s - a scroll of fear {unknown}
Potions
 f - 2 potions of enlightenment {unknown}
 g - a potion of curing {unknown}
 i - 2 potions of magic {unknown}
 k - 2 potions of attraction {unknown}


   Skills:
 - Level 3.0 Fighting
 - Level 2.5 Axes
 - Level 2.6 Armour
 - Level 2.6 Shields
 + Level 2.2 Unarmed Combat


You had 2 spell levels left.
You didn't know any spells.
Your spell library contained the following spells:

 Spells                   Type           Power      Damage    Failure   Level
 Shock                    Conj/Air       0%         1d3       87%         1
 Ensorcelled Hibernation  Hex/Ice        0%         N/A       95%         2
 Passwall                 Erth           0%         N/A       99%         3
 Swiftness                Air            0%         N/A       99%         3
 Airstrike                Air            0%         2d(0-16)  100%        4


Dungeon Overview and Level Annotations

Branches:
Dungeon (2/15)

Altars:

Annotations:
D:2 Natasha


Innate Abilities, Weirdness & Mutations

You have sharp fingernails.


Message History

Natasha barely misses you.
You hit Natasha but do no damage.
The cerulean imp hits you but does no damage.
Natasha claws you!
The cerulean imp hits you but does no damage.
Natasha closely misses you.
You take 8 damage, and have 21/29 hp.
MASSIVE DAMAGE!!
You hit Natasha but do no damage. You block the cerulean imp's attack.
Natasha mumbles some strange words.
The cerulean imp hits you from afar with a +0 spear.
You block Natasha's attack.
You take 4 damage, and have 17/29 hp.
You closely miss Natasha. You slash the cerulean imp!
The cerulean imp hits you from afar with a +0 spear.
Natasha claws you. The cerulean imp barely misses you.
The cerulean imp hits you but does no damage.
Natasha claws you.
* * * LOW HITPOINT WARNING * * *
You take 11 damage, and have 6/29 hp.
MASSIVE DAMAGE!!
You barely miss Natasha. You miss the cerulean imp.
You block the cerulean imp's attack. x2
Natasha mumbles some strange words.
The cerulean imp completely misses you.
The cerulean imp hits you but does no damage.
Natasha claws you.
* * * LOW HITPOINT WARNING * * *
The cerulean imp barely misses you.
You take 1 damage, and have 5/29 hp.
You feel very mighty all of a sudden.
The cerulean imp hits you but does no damage.
Natasha claws you but does no damage.
The cerulean imp hits you with a +0 spear.
* * * LOW HITPOINT WARNING * * *
The cerulean imp barely misses you. Natasha claws you but does no damage.
You take 3 damage, and have 2/29 hp.
You slash Natasha!
Natasha is severely wounded.
You miss the cerulean imp. You block the cerulean imp's attack.
The cerulean imp hits you with a +0 spear.
You die...

...........# #.....# #
..#####.#### #####.# #
..# #.# #.# # ..# #.#
########### #.### # ###
#.#
#....$....#######...###
# #.#
#......................
# #(#
#...%.....##########.##
# #.# #..>5..5..#
####... # #.#
#...5h@...# #...... #
#.# #######.### #......
# #.# #.###### #......
# #.# #......# #......
# #.# #######......#
#...... # #.#
#............# #......
# #.# #.#####......#
#...... # #.# #.###
#......# #...... # #.#
#...# #......# #......


You could see Natasha and 3 cerulean imps.

Vanquished Creatures
  An adder (D:2)
  A ribbon worm (D:2)
  6 ball pythons
  3 bats
  4 endoplasms
  3 goblins
  3 hobgoblins
  2 quokkas (D:2)
  A frilled lizard (D:2)
  2 kobolds
  7 rats
33 creatures vanquished.

Notes
Turn   | Place    | Note
-------+----------+-------------------------------------------
     0 | D:1      | jasper the Demonspawn Fighter began the quest for the Orb.
     0 | D:1      | Reached XP level 1. HP: 18/18 MP: 1/1
   372 | D:1      | Gained mutation: You have sharp fingernails. [demonic
                  | ancestry]
   372 | D:1      | Reached XP level 2. HP: 16/24 MP: 2/2
   690 | D:2      | Reached skill level 1 in Unarmed Combat
   955 | D:2      | Reached XP level 3. HP: 21/29 MP: 3/3
  1298 | D:2      | Identified the +3 dagger of Clean Subterfuge {pain, rF-
                  | rC++ rCorr Stlth+}
  1395 | D:2      | Noticed Natasha
  1405 | D:2      | Slain by a cerulean imp

Illustrated notes

Levels and vault maps discovered:
D:1:      minmay_arrival_solitary_statue, layout_basic, minmay_quantized
D:2:      minmay_diamond_boxcup, layout_basic, chequers_serial_rivers_large_a,
          uniq_natasha

Skill      XL: |  1  2  3 |
---------------+----------+-----
Axes           | 2 |  2.5
Unarmed Combat | 1 2 |  2.2
Fighting       | |  3.0
Armour         | |  2.6
Shields        | |  2.6

Action                     || total
---------------------------++-------
  Melee: War axe           ||    82
  Throw: Boomerang         ||    10
    Use: Potion            ||     1
 Armour: Scale mail        ||    94
  Dodge: Dodged            ||    45
  Block: Buckler           ||    22

Table legend: (Time is in decaauts)
 A = Elapsed time spent in this place.
 B = Non-inter-level travel time spent in this place.
 C = Inter-level travel time spent in this place.
 D = Time resting spent in this place.
 E = Time spent auto-exploring this place.
 F = Levels seen in this place.
 G = Mean time per level.
                   A        B        C        D        E       F      G
               +--------+--------+--------+--------+--------+-----+--------+
         Total |   1452 |   1362 |     90 |      0 |   1013 |   2 |  726.0 |
       Dungeon |   1452 |   1362 |     90 |      0 |   1013 |   2 |  726.0 |
               +--------+--------+--------+--------+--------+-----+--------+

Top non-repeatable levels by time:
     D:2: 817 daAuts
     D:1: 635 daAuts
